 Dungeon Crawl Stone Soup version 0.24.0-125-gc4c63601f3 (webtiles) character file.

Game seed: 11502506501348518140, levelgen mode: deterministic

4415 ChadusMaximus the Cleaver (level 10, -7/88 HPs)
             Began as a Minotaur Berserker on Feb 26, 2020.
             Was an Elder of Trog.
             Mangled by a two-headed ogre
             ... wielding a +0 giant club
              (27 damage)
             ... on level 9 of the Dungeon.
             The game lasted 00:12:45 (6693 turns).

ChadusMaximus the Cleaver (Minotaur Berserker)      Turns: 6693, Time: 00:12:45

Health: -7/88      AC: 13    Str: 25    XL:     10   Next: 14%
Magic:  9/9        EV:  7    Int:  4    God:    Trog [****..]
Gold:   528        SH: 11    Dex: 10    Spells: 9/9 levels left

rFire    + . .     SeeInvis .   a - +0 hand axe
rCold    x . .     Gourm    .   I - +0 shield
rNeg     . . .     Faith    .   i - +0 plate armour
rPois    .         Spirit   .   (helmet restricted)
rElec    .         Reflect  .   (no cloak)
rCorr    .         Harm     .   (no gloves)
MR       ++...                  (no boots)
Stlth    ..........             (no amulet)
HPRegen  1.24/turn              A - ring of fire
MPRegen  0.11/turn              (no ring)

@: lethally poisoned (-7 -> -8), regenerating
A: retaliatory headbutt, horns 2
a: Berserk, Trog's Hand, Brothers in Arms, Renounce Religion


You were on level 9 of the Dungeon.
You worshipped Trog.
Trog was greatly pleased with you.
You were not hungry.

You visited 1 branch of the dungeon, and saw 9 of its levels.
You also visited: Sewer and Ossuary.

You collected 528 gold pieces.

Inventory:

Hand Weapons
 a - a +0 hand axe (weapon)
Armour
 b - a +0 animal skin
 f - a +0 chain mail
 i - a +0 plate armour (worn)
 y - a +0 large shield
 I - a +0 shield (worn)
Jewellery
 A - a ring of fire (left hand)
Wands
 u - a wand of flame (7)
 x - a wand of digging (4)
 E - a wand of disintegration (15)
Scrolls
 d - 7 scrolls of remove curse
 j - 2 scrolls of teleportation
 m - 5 scrolls of identify
 n - 2 scrolls of random uselessness
 q - a scroll of enchant weapon {unknown}
 r - 3 scrolls of fear {unknown}
 s - 4 scrolls of blinking {unknown}
 t - a scroll of amnesia {unknown}
 w - 5 scrolls of magic mapping {unknown}
 D - 5 scrolls of fog {unknown}
 H - 2 scrolls of enchant armour {unknown}
Potions
 e - a potion of cancellation {unknown}
 g - 3 potions of lignification {unknown}
 h - 5 potions of curing {unknown}
 k - 4 potions of heal wounds {unknown}
 l - 6 potions of brilliance {unknown}
 o - 3 potions of might {unknown}
 p - 5 potions of degeneration {unknown}
 v - 2 potions of flight {unknown}
 z - a potion of invisibility {unknown}
 B - a potion of haste {unknown}
 C - a potion of agility {unknown}
 F - 2 potions of resistance {unknown}
 G - a potion of ambrosia {unknown}
 J - a potion of magic {unknown}
Comestibles
 c - 8 rations


   Skills:
 + Level 7.9 Fighting
 + Level 11.1 Axes
 + Level 8.3 Armour
 + Level 4.2 Dodging
 + Level 1.0 Stealth
 + Level 8.2 Shields


You had 9 spell levels left.
You didn't know any spells.
Your spell library was empty.

Dungeon Overview and Level Annotations

Branches:
Dungeon (9/15)             Temple (0/1) D:4            Lair (0/6) D:9
  Sewer (visited)         Ossuary (visited)
    Orc: D:9-12

Altars:
Dithmenos
Elyvilon
Fedhas
Gozag
Hepliaklqana
Kikubaaqudgha
Nemelex Xobeh
Okawaru
Qazlal
Sif Muna
Yredelemnul
Zin
The Shining One

Shops:
D:4 ?*


Innate Abilities, Weirdness & Mutations

You reflexively headbutt those who attack you in melee.
You have a pair of horns on your head.


Message History

You block the killer bee's attack. x3; The howler monkey closely misses you.
The killer bee barely misses you.
You recover from your berserk rage.
You feel sick. You block the killer bee's attack.
The killer bee stings you but does no damage.
The howler monkey hoots and howls with incredible vigour!
You hear an angry hiss.
Your surroundings suddenly seem different.
You feel sick.
A hungry ghost comes into view.
A two-headed ogre comes into view.
It is wielding a +0 giant club and a -2 giant club.
Found 2 scrolls of identify.
Okay, then.
An iguana comes into view.
You feel the effects of Trog's Hand fading.
You feel sick.
Okay, then.
You eat one of the 9 rations.
That ration really hit the spot!
You feel sick.
The two-headed ogre hits you with a +0 giant club!!
You die...

# <. .###......###.. ##
.# ...#............. .##
#.#.........l........
..###.#./................
......#......?.....W.....
........... ....#.......
.#......# #.....?....
##)...### .##.#.@O.......
##)...# .#............#
......####(#..##.........
y..........#..##.....#...
y###.#.....##........# .#
## ####................
.#####.................#
..#............>.........
.........................


You could see a two-headed ogre, a hungry ghost and an iguana.

Vanquished Creatures
  Pikel (D:7)
  A cyclops (D:7)
  The ghost of Johnny the Magician, a novice DEEE (D:5)
  A troll (D:9)
  Prince Ribbit (D:7)
  A hippogriff (D:7)
  Menkaure (Ossuary)
  3 wargs (D:9)
  Duvessa (D:4)
  Purgy (Sewer)
  An orc warrior (D:8)
  A phantom (D:4)
  2 ice beasts
  4 slaves
  2 centaurs
  An ogre (D:7)
  3 bullfrogs
  Dowan (D:4)
  A scorpion (D:8)
  A killer bee (D:9)
  A howler monkey (D:5)
  6 crimson imps
  2 jellies
  A quasit (D:5)
  A bullfrog zombie (D:8)
  2 hounds
  3 orc priests
  An orc wizard (D:6)
  A centaur skeleton (D:7)
  2 iguanas
  4 worker ants
  2 centaur simulacra (D:5)
  3 bullfrog simulacra (D:5)
  A hound skeleton (D:8)
  3 mummies (Ossuary)
  4 gnolls (D:9)
  9 adders
  2 shadow imps
  A white imp (D:5)
  An adder zombie (D:5)
  2 oozes
  2 adder skeletons
  3 worms (D:3)
  A dart slug (D:1)
  4 leopard geckos
  12 orcs
  8 bats
  3 giant cockroaches
  A gnoll zombie (Ossuary)
  5 hobgoblins
  12 jackals
  2 quokkas
  6 ball pythons
  5 frilled lizards
  2 gnoll skeletons (Ossuary)
  9 goblins
  5 goblin skeletons (Ossuary)
  5 goblin zombies (Ossuary)
  5 hobgoblin skeletons (Ossuary)
  8 hobgoblin zombies (Ossuary)
  A jackal skeleton (D:2)
  A jackal zombie (D:7)
  3 kobolds
  4 kobold skeletons (Ossuary)
  4 kobold zombies (Ossuary)
  2 leopard gecko skeletons
  4 orc skeletons (Ossuary)
  4 orc zombies (Ossuary)
  A quokka simulacrum (D:5)
  A quokka skeleton (D:4)
  A quokka zombie (D:5)
  7 rats
  3 rat skeletons (Ossuary)
  3 rat zombies (Ossuary)
218 creatures vanquished.

Vanquished Creatures (others)
  A goblin skeleton (Ossuary)
  A kobold skeleton (Ossuary)
2 creatures vanquished.

Grand Total: 220 creatures vanquished

Notes
Turn   | Place    | Note
-------+----------+-------------------------------------------
     0 | D:1      | ChadusMaximus the Minotaur Berserker began the quest for
                  | the Orb.
     0 | D:1      | Reached XP level 1. HP: 19/19 MP: 0/0
   190 | D:1      | Reached skill level 4 in Axes
   190 | D:1      | Reached XP level 2. HP: 23/27 MP: 1/1
   766 | D:2      | Found a shadowy altar of Dithmenos.
   774 | D:2      | Reached XP level 3. HP: 31/33 MP: 2/2
   804 | D:2      | Reached ** piety under Trog
  1346 | D:2      | Found a runed translucent door.
  1346 | D:2      | Noticed a human
  1349 | D:2      | Found a basalt altar of Yredelemnul.
  1833 | D:3      | Found a glowing drain.
  1845 | D:3      | Reached XP level 4. HP: 17/41 MP: 3/3
  1873 | Sewer    | Entered a sewer
  1916 | Sewer    | Noticed Purgy
  1924 | Sewer    | Killed Purgy
  1924 | Sewer    | Reached skill level 5 in Axes
  1924 | Sewer    | Reached XP level 5. HP: 47/47 MP: 4/4
  2338 | D:3      | Found an opulent altar of Gozag.
  2489 | D:3      | Reached skill level 5 in Fighting
  2606 | D:3      | Reached skill level 6 in Axes
  2880 | D:4      | Reached XP level 6. HP: 56/56 MP: 5/5
  2889 | D:4      | Reached *** piety under Trog
  2912 | D:4      | Found a shimmering blue altar of Sif Muna.
  2929 | D:4      | Found Sajeudir's Magic Scroll Boutique.
  2930 | D:4      | Noticed Duvessa
  2930 | D:4      | Noticed Dowan
  2939 | D:4      | Killed Duvessa
  2942 | D:4      | Killed Dowan
  2995 | D:4      | Reached skill level 7 in Axes
  2995 | D:4      | Reached XP level 7. HP: 57/61 MP: 6/6
  3022 | D:4      | Found Zin's Purification Station.
  3025 | D:4      | Found a glowing silver altar of Zin.
  3062 | D:4      | Found a staircase to the Ecumenical Temple.
  3138 | D:4      | Found an iron altar of Okawaru.
  3138 | D:4      | Found a stormy altar of Qazlal.
  3157 | D:4      | Found a hazy altar of Hepliaklqana.
  3270 | D:5      | Entered Level 5 of the Dungeon
  3296 | D:5      | Reached skill level 5 in Armour
  3410 | D:5      | Noticed Johnny's ghost (novice DEEE)
  3431 | D:5      | Found a runed translucent gate.
  3431 | D:5      | Found a runed translucent gate.
  3431 | D:5      | Found a runed translucent gate.
  3547 | D:5      | Reached skill level 1 in Shields
  3565 | D:5      | Found a blossoming altar of Fedhas.
  3816 | D:5      | Reached skill level 8 in Axes
  3876 | D:5      | Killed Johnny's ghost
  3876 | D:5      | Reached XP level 8. HP: 68/70 MP: 7/7
  4437 | D:6      | Found a glowing golden altar of the Shining One.
  4520 | D:6      | Reached skill level 9 in Axes
  4617 | D:7      | Found a transporter.
  4618 | D:7      | Noticed a hippogriff
  4620 | D:7      | Noticed Prince Ribbit
  4638 | D:7      | Killed a hippogriff
  4641 | D:7      | Killed Prince Ribbit
  4641 | D:7      | Reached **** piety under Trog
  4659 | D:7      | Noticed Pikel
  4860 | D:7      | Killed Pikel
  4860 | D:7      | Reached skill level 10 in Axes
  4860 | D:7      | Reached skill level 5 in Shields
  4860 | D:7      | Reached XP level 9. HP: 69/78 MP: 8/8
  5149 | D:7      | Found an ancient bone altar of Kikubaaqudgha.
  5198 | D:7      | Found a sand-covered staircase.
  5207 | Ossuary  | Entered an ossuary
  5470 | Ossuary  | Noticed Menkaure
  5487 | Ossuary  | Killed Menkaure
  5583 | D:7      | Found a transporter.
  5588 | D:7      | Noticed a cyclops
  5589 | D:7      | Found a white marble altar of Elyvilon.
  5640 | D:7      | Killed a cyclops
  5974 | D:8      | Reached skill level 11 in Axes
  6082 | D:8      | Found a sparkling altar of Nemelex Xobeh.
  6571 | D:9      | Noticed a troll
  6583 | D:9      | Killed a troll
  6583 | D:9      | Reached skill level 1 in Stealth
  6628 | D:9      | Found a staircase to the Lair.
  6634 | D:9      | Reached XP level 10. HP: 88/88 MP: 9/9
  6685 | D:9      | Noticed a two-headed ogre
  6691 | D:9      | Noticed a two-headed ogre
  6693 | D:9      | Mangled by a two-headed ogre

Levels and vault maps discovered:
D:1:      elethiomel_arrival_shortcut, layout_loops_corners
D:2:      layout_basic, nicolae_dithmenos_shadow_blocks,
          minmay_misc_feat_rugged, dk_yredelemnul_ordeal
D:3:      layout_basic, nicolae_overflow_hidden_temple,
          cheibrodos_sewer_entry_sluice
D:4:      layout_gridville, gammafunk_temple_overflow_claw, zin_purify,
          old_standard_altar, minmay_temple_entry_gardened_gates, serial_shops,
          nicolae_shop_stone, first_ration, uniq_duvessa
D:5:      layout_loops_cross, gammafunk_ghost_icy, basic_altar,
          kennysheep_small_square
D:6:      layout_rooms, tso_oasis_becter
D:7:      layout_cave_pools, gammafunk_temple_overflow_arena,
          kiku_gazebo_pond_becter, chequers_ossuary_entry_cave, minivault_26,
          uniq_pikel, uniq_prince_ribbit1
D:8:      layout_basic, nemelex_altar_shiori
D:9:      layout_cave_pools, grunt_temple_overflow_champion_of_chaos,
          erik_lair_orcish_takeover, orc_david_3

Skill      XL: |  1  2  3  4  5  6  7  8  9 10 |
---------------+-------------------------------+-----
Axes           | 4 5 6 7 8 10 11 | 11.1
Fighting       | 4 5 6 7 |  7.9
Armour         | 3 4 6 7 8 |  8.3
Dodging        | 3 4 |  4.2
Shields        | 3 5 7 8 |  8.2
Stealth        | 1 |  1.0

Action                   |  1- 3 |  4- 6 |  7- 9 | 10-12 || total
-------------------------+-------+-------+-------+-------++-------
Melee: Hand axe          |    91 |   134 |   408 |    29 ||   662
       Headbutt          |    14 |    25 |    98 |     6 ||   143
Invok: Trog's Hand       |     1 |     1 |     6 |     1 ||     9
       Berserk           |       |     2 |     8 |       ||    10
  Use: Scroll            |       |       |     5 |     1 ||     6
  Eat: Chunk             |     2 |     8 |     7 |       ||    17
       Ration            |       |       |     4 |     1 ||     5
Armor: Animal skin       |     1 |       |       |       ||     1
       Chain mail        |    49 |    75 |    56 |       ||   180
       Plate armour      |       |       |    99 |    26 ||   125
Dodge: Dodged            |    45 |    73 |    48 |    20 ||   186
Block: Large shield      |       |       |   231 |       ||   231
       Shield            |       |       |    34 |    45 ||    79
